TOP OF THE 1ST |
Indian Hills Voodoo batting - Pitching for Fremont Cyclones : RHP John Robinson
|
Pitching: RHP John Robinson
|
|
Batting: LHB Amlak Saitoti
|
0-0: Swinging Strike 0-1: Foul Ball, location: 2F 0-2: Strikes out swinging
|
Batting: RHB Félix Guillén
|
0-0: Ball 1-0: Ball 2-0: Foul Ball, location: 2F 2-1: SINGLE (Flyball, 8RS)
|
Batting: RHB Bob McDonald
|
0-0: Ball 1-0: Fly out, F9 (Flyball, 9M)
|
Batting: SHB Alberto García
|
0-0: Called Strike 0-1: 2-RUN HOME RUN (Line Drive, 9LD), Distance : 352 ft
|
Batting: RHB Fred Moulds
|
0-0: Ball 1-0: Called Strike 1-1: Ground out 5-3 (Groundball, 5S)
|
Top of the 1st over - 2 run(s), 2 hit(s), 0 error(s), 0 left on base; Indian Hills 2 - Fremont 0 |
BOTTOM OF THE 1ST |
Fremont Cyclones batting - Pitching for Indian Hills Voodoo : LHP Zak Smith
|
Pitching: LHP Zak Smith
|
|
Batting: SHB Jorge Quiñones
|
0-0: Called Strike 0-1: Called Strike 0-2: Strikes out looking
|
Batting: LHB Alberto Roberts
|
0-0: Foul Ball, location: 2F 0-1: Foul Ball, location: 2F 0-2: Ball 1-2: Ball 2-2: Foul Ball, location: 2F 2-2: Foul Ball, location: 2F 2-2: Ball 3-2: Base on Balls
|
Batting: LHB Sergio Fernández
|
0-0: Ball 1-0: Fly out, F4 (Popup, 4M)
|
Batting: RHB Brian Stewart
|
0-0: Called Strike 0-1: Ball 1-1: Swinging Strike 1-2: Ball Alberto Roberts steals 2nd base 2-2: Foul Ball, location: 2F 2-2: Ball 3-2: Strikes out swinging
|
Bottom of the 1st over - 0 run(s), 0 hit(s), 0 error(s), 1 left on base; Indian Hills 2 - Fremont 0 |
TOP OF THE 2ND |
Indian Hills Voodoo batting - Pitching for Fremont Cyclones : RHP John Robinson
|
Batting: SHB Kenneth Cruz
|
0-0: Called Strike 0-1: Foul Ball, location: 2F 0-2: Ball 1-2: DOUBLE (Line Drive, 8LXD)
|
Batting: RHB Bobby Hulsey
|
0-0: Called Strike 0-1: Foul Ball, location: 2F 0-2: Ball 1-2: Foul Ball, location: 2F 1-2: Strikes out swinging
|
Batting: RHB Arturo Camacho
|
0-0: Fly out, F7 (Flyball, 7M)
|
Batting: RHB Doug Hunt
|
0-0: Swinging Strike 0-1: Called Strike 0-2: Foul Ball, location: 2F 0-2: Ball 1-2: Strikes out looking
|
Top of the 2nd over - 0 run(s), 1 hit(s), 0 error(s), 1 left on base; Indian Hills 2 - Fremont 0 |
BOTTOM OF THE 2ND |
Fremont Cyclones batting - Pitching for Indian Hills Voodoo : LHP Zak Smith
|
Batting: RHB Jaime Delgado
|
0-0: Ground out 3-1 (Groundball, 34)
|
Batting: LHB Mal Jiménez
|
0-0: Ball 1-0: Foul Ball, location: 2F 1-1: Called Strike 1-2: Foul Ball, location: 2F 1-2: Ball 2-2: Strikes out swinging
|
Batting: RHB Robinson Fernández
|
0-0: Ball 1-0: Ball 2-0: Called Strike 2-1: Ball 3-1: Called Strike 3-2: Foul Ball, location: 2F 3-2: Fly out, F9 (Flyball, 89M)
|
Bottom of the 2nd over - 0 run(s), 0 hit(s), 0 error(s), 0 left on base; Indian Hills 2 - Fremont 0 |
TOP OF THE 3RD |
Indian Hills Voodoo batting - Pitching for Fremont Cyclones : RHP John Robinson
|
Batting: LHB Amlak Saitoti
|
0-0: Foul Ball, location: 2F 0-1: Ball 1-1: Called Strike 1-2: Foul Ball, location: 2F 1-2: Ball 2-2: Ground out 4-3 (Groundball, 4)
|
Batting: RHB Félix Guillén
|
0-0: Ground out 6-3 (Groundball, 6M)
|
Batting: RHB Bob McDonald
|
0-0: Ball 1-0: DOUBLE (Line Drive, 7LS)
|
Batting: SHB Alberto García
|
0-0: Fly out, F7 (Line Drive, 78M)
|
Top of the 3rd over - 0 run(s), 1 hit(s), 0 error(s), 1 left on base; Indian Hills 2 - Fremont 0 |
BOTTOM OF THE 3RD |
Fremont Cyclones batting - Pitching for Indian Hills Voodoo : LHP Zak Smith
|
Batting: RHB Carlos Rosales
|
0-0: Ball 1-0: SINGLE (Groundball, 6MD)
|
Batting: SHB Arnold Moore
|
0-0: SINGLE (Groundball, 6MD) (infield hit) Carlos Rosales to second
|
Batting: SHB Jorge Quiñones
|
0-0: Ball 1-0: Called Strike 1-1: Swinging Strike 1-2: Strikes out swinging
|
Batting: LHB Alberto Roberts
|
0-0: Ball 1-0: Called Strike 1-1: Called Strike 1-2: Foul Ball, location: 2F 1-2: Foul Ball, location: 2F 1-2: Ball 2-2: Strikes out swinging
|
Batting: LHB Sergio Fernández
|
0-0: Called Strike 0-1: Called Strike 0-2: Ball 1-2: DOUBLE (Flyball, 9LD) Carlos Rosales scores Arnold Moore to third Runner from 3rd tries for Home, SAFE, no throw or cutoff
|
Batting: RHB Brian Stewart
|
0-0: Swinging Strike 0-1: Ball 1-1: Called Strike 1-2: Ball 2-2: DOUBLE (Flyball, 9LM) Sergio Fernández scores
|
Batting: RHB Jaime Delgado
|
0-0: Ball 1-0: Fly out, F8 (Flyball, 8RS)
|
Bottom of the 3rd over - 3 run(s), 4 hit(s), 0 error(s), 1 left on base; Indian Hills 2 - Fremont 3 |
TOP OF THE 4TH |
Indian Hills Voodoo batting - Pitching for Fremont Cyclones : RHP John Robinson
|
Batting: RHB Fred Moulds
|
0-0: Swinging Strike 0-1: Foul Ball, location: 2F 0-2: Fly out, F7 (Flyball, 7LS)
|
Batting: SHB Kenneth Cruz
|
0-0: Ball 1-0: SINGLE (Line Drive, 34)
|
Batting: RHB Bobby Hulsey
|
0-0: Called Strike 0-1: Ball 1-1: DOUBLE (Line Drive, 78D) Kenneth Cruz to third
|
Batting: RHB Arturo Camacho
|
0-0: Called Strike 0-1: Ball 1-1: Called Strike 1-2: Foul Ball, location: 2F 1-2: Ground out 5-3 (Groundball, 5)
|
Batting: RHB Doug Hunt
|
0-0: Ground out 1-3 (Groundball, 34S)
|
Top of the 4th over - 0 run(s), 2 hit(s), 0 error(s), 2 left on base; Indian Hills 2 - Fremont 3 |
BOTTOM OF THE 4TH |
Fremont Cyclones batting - Pitching for Indian Hills Voodoo : LHP Zak Smith
|
Batting: LHB Mal Jiménez
|
0-0: SINGLE (Groundball, 34D)
|
Batting: RHB Robinson Fernández
|
0-0: Ball 1-0: Called Strike 1-1: Fly out, F3 (Popup, 3F)
|
Batting: RHB Carlos Rosales
|
0-0: Ball Mal Jiménez steals 2nd base 1-0: Foul Ball, location: 2F 1-1: Swinging Strike 1-2: Ball 2-2: Ball 3-2: Ground out 6-3 (Groundball, 6)
|
Batting: SHB Arnold Moore
|
0-0: Ball 1-0: Swinging Strike 1-1: Swinging Strike 1-2: Strikes out looking
|
Bottom of the 4th over - 0 run(s), 1 hit(s), 0 error(s), 1 left on base; Indian Hills 2 - Fremont 3 |
TOP OF THE 5TH |
Indian Hills Voodoo batting - Pitching for Fremont Cyclones : RHP John Robinson
|
Batting: LHB Amlak Saitoti
|
0-0: Fly out, F7 (Flyball, 7M)
|
Batting: RHB Félix Guillén
|
0-0: Ball 1-0: Called Strike 1-1: Foul Ball, location: 2F 1-2: Ball 2-2: Ball 3-2: Ground out 6-3 (Groundball, 6M)
|
Batting: RHB Bob McDonald
|
0-0: Ball 1-0: Foul Ball, location: 2F 1-1: Swinging Strike 1-2: Ball 2-2: Strikes out swinging
|
Top of the 5th over - 0 run(s), 0 hit(s), 0 error(s), 0 left on base; Indian Hills 2 - Fremont 3 |
BOTTOM OF THE 5TH |
Fremont Cyclones batting - Pitching for Indian Hills Voodoo : LHP Zak Smith
|
Batting: SHB Jorge Quiñones
|
0-0: Swinging Strike 0-1: Foul Ball, location: 2F 0-2: Ball 1-2: Foul Ball, location: 2F 1-2: Fly out, F3 (Line Drive, 3S)
|
Batting: LHB Alberto Roberts
|
0-0: Foul Ball, location: 2F 0-1: Ground out 2-3 (Groundball, 23)
|
Batting: LHB Sergio Fernández
|
0-0: Ground out 4-3 (Groundball, 4)
|
Bottom of the 5th over - 0 run(s), 0 hit(s), 0 error(s), 0 left on base; Indian Hills 2 - Fremont 3 |
TOP OF THE 6TH |
Indian Hills Voodoo batting - Pitching for Fremont Cyclones : RHP John Robinson
|
Batting: SHB Alberto García
|
0-0: Fly out, F7 (Flyball, 7M)
|
Batting: RHB Fred Moulds
|
0-0: Ball 1-0: Foul Ball, location: 2F 1-1: Foul Ball, location: 2F 1-2: Ball 2-2: SINGLE (Line Drive, 34)
|
Batting: SHB Kenneth Cruz
|
0-0: Called Strike 0-1: Called Strike 0-2: Fly out, F8 (Line Drive, 8RM)
|
Batting: RHB Bobby Hulsey
|
0-0: Called Strike 0-1: Ball 1-1: Foul Ball, location: 2F 1-2: Ball 2-2: Ball 3-2: Base on Balls Fred Moulds to second
|
Pitching: RHP Jesús Ramírez
|
|
Batting: RHB Arturo Camacho
|
0-0: Ball 1-0: SINGLE (Popup, 3) Fred Moulds to third Bobby Hulsey to second Runner from 3rd tries for Home, SAFE, no throw or cutoff
|
Batting: RHB Doug Hunt
|
0-0: Foul Ball, location: 2F 0-1: Called Strike 0-2: Ball 1-2: Strikes out looking
|
Top of the 6th over - 1 run(s), 2 hit(s), 0 error(s), 2 left on base; Indian Hills 3 - Fremont 3 |
BOTTOM OF THE 6TH |
Fremont Cyclones batting - Pitching for Indian Hills Voodoo : LHP Zak Smith
|
Pitching: LHP Anthony Tamburrino
|
|
Batting: RHB Brian Stewart
|
0-0: Called Strike 0-1: Ball 1-1: Fly out, F3 (Popup, 3DF)
|
Batting: RHB Jaime Delgado
|
0-0: SINGLE (Groundball, 6MD) (infield hit)
|
Batting: LHB Mal Jiménez
|
0-0: Ball 1-0: Called Strike 1-1: Called Strike 1-2: Ball 2-2: Strikes out swinging
|
Batting: RHB Robinson Fernández
|
0-0: Called Strike 0-1: Ball Throwing error on steal attempt, E2 Jaime Delgado to third 1-1: Foul Ball, location: 2F 1-2: Ball 2-2: Fly out, F6 (Line Drive, 6)
|
Bottom of the 6th over - 0 run(s), 1 hit(s), 1 error(s), 1 left on base; Indian Hills 3 - Fremont 3 |
TOP OF THE 7TH |
Indian Hills Voodoo batting - Pitching for Fremont Cyclones : RHP Jesús Ramírez
|
Batting: LHB Amlak Saitoti
|
0-0: Reached on Error, E7 (Flyball, 78S)
|
Batting: RHB Félix Guillén
|
0-0: Bunt missed! 0-1: Sac Bunt - play at first, batter OUT! 1-4 Amlak Saitoti to second
|
Batting: RHB Bob McDonald
|
0-0: Intentional Walk
|
Batting: SHB Alberto García
|
0-0: Called Strike 0-1: Foul Ball, location: 2F 0-2: Ball 1-2: Ball 2-2: Fly out, F7 (Line Drive, 78S)
|
Batting: RHB Fred Moulds
|
0-0: Ball 1-0: Called Strike 1-1: Foul Ball, location: 2F 1-2: Ball 2-2: Strikes out swinging
|
Top of the 7th over - 0 run(s), 0 hit(s), 1 error(s), 2 left on base; Indian Hills 3 - Fremont 3 |
BOTTOM OF THE 7TH |
Fremont Cyclones batting - Pitching for Indian Hills Voodoo : LHP Anthony Tamburrino
|
Batting: RHB Carlos Rosales
|
0-0: Called Strike 0-1: Ball 1-1: SINGLE (Flyball, 78M)
|
Pinch Hitting: LHB Ernesto Hernández
|
0-0: Ball 1-0: Ball 2-0: Bunted foul 2-1: Bunted foul 2-2: Ball 3-2: Foul Ball, location: 2F 3-2: Foul Ball, location: 2F 3-2: Base on Balls Carlos Rosales to second
|
Batting: SHB Jorge Quiñones
|
0-0: Ball 1-0: Foul Ball, location: 2F 1-1: Reached on error, E1 (Groundball, 13S) Carlos Rosales to third Ernesto Hernández to second
|
Batting: LHB Alberto Roberts
|
0-0: SINGLE (Line Drive, 34) Carlos Rosales scores Ernesto Hernández to third Jorge Quiñones to second Runner from 3rd tries for Home, SAFE, no throw or cutoff
|
Batting: LHB Sergio Fernández
|
0-0: Called Strike Jorge Quiñones steals 3rd base Alberto Roberts to second 0-1: Ball 1-1: Intentional Walk
|
Batting: RHB Brian Stewart
|
0-0: SINGLE (Line Drive, 4MD) Jorge Quiñones scores Alberto Roberts to third Sergio Fernández to second Runner from 3rd tries for Home, SAFE, throw made home
|
Batting: RHB Jaime Delgado
|
0-0: SINGLE (Flyball, 89M) Sergio Fernández to third Brian Stewart to second Runner from 3rd tries for Home, SAFE, throw made home Brian Stewart to third Jaime Delgado to second
|
Batting: LHB Mal Jiménez
|
0-0: Ball 1-0: Called Strike 1-1: SINGLE (Groundball, 34D) Brian Stewart scores Jaime Delgado to third
|
Batting: RHB Robinson Fernández
|
0-0: SINGLE (Groundball, 4MD) Jaime Delgado scores Mal Jiménez to second
|
Batting: RHB Carlos Rosales
|
0-0: Ball 1-0: SINGLE (Flyball, 89S) Mal Jiménez to third Robinson Fernández to second
|
Batting: LHB Ernesto Hernández
|
0-0: Called Strike 0-1: Ball 1-1: Swinging Strike 1-2: Strikes out swinging
|
Batting: SHB Jorge Quiñones
|
0-0: Reached on error, E3 (Groundball, 34) Mal Jiménez scores Robinson Fernández scores Carlos Rosales to third
|
Batting: LHB Alberto Roberts
|
0-0: SINGLE (Groundball, 34D) (infield hit) Carlos Rosales scores Jorge Quiñones to third
|
Batting: LHB Sergio Fernández
|
0-0: Ball 1-0: Ball 2-0: 3-RUN HOME RUN (Flyball, 9LD), Distance : 344 ft
|
Batting: RHB Brian Stewart
|
0-0: Ball 1-0: Ball 2-0: Swinging Strike 2-1: Fly out, F8 (Flyball, 8RM)
|
Batting: RHB Jaime Delgado
|
0-0: Ball 1-0: Foul Ball, location: 2F 1-1: Ground out 1-3 (Groundball, 15)
|
Bottom of the 7th over - 13 run(s), 9 hit(s), 2 error(s), 0 left on base; Indian Hills 3 - Fremont 16 |
TOP OF THE 8TH |
Indian Hills Voodoo batting - Pitching for Fremont Cyclones : RHP Jesús Ramírez
|
Now at 1B: Nelson Burton
|
|
Now at 3B: Carlos Peralta
|
|
Batting: SHB Kenneth Cruz
|
0-0: Ball 1-0: Ball 2-0: Foul Ball, location: 2F 2-1: Called Strike 2-2: Strikes out swinging
|
Batting: RHB Bobby Hulsey
|
0-0: Foul Ball, location: 2F 0-1: Ground out 6-3 (Groundball, 6)
|
Batting: RHB Arturo Camacho
|
0-0: Ball 1-0: Ball 2-0: Ball 3-0: Base on Balls
|
Batting: RHB Doug Hunt
|
0-0: Called Strike 0-1: Foul Ball, location: 2F 0-2: Strikes out looking
|
Top of the 8th over - 0 run(s), 0 hit(s), 0 error(s), 1 left on base; Indian Hills 3 - Fremont 16 |
BOTTOM OF THE 8TH |
Fremont Cyclones batting - Pitching for Indian Hills Voodoo : LHP Anthony Tamburrino
|
Batting: LHB Mal Jiménez
|
0-0: Fly out, F5 (Popup, 13S)
|
Batting: RHB Robinson Fernández
|
0-0: Called Strike 0-1: Ball 1-1: Fly out, F8 (Flyball, 8LXD)
|
Batting: RHB Carlos Rosales
|
0-0: Called Strike 0-1: Swinging Strike 0-2: Ball 1-2: Strikes out looking
|
Bottom of the 8th over - 0 run(s), 0 hit(s), 0 error(s), 0 left on base; Indian Hills 3 - Fremont 16 |
TOP OF THE 9TH |
Indian Hills Voodoo batting - Pitching for Fremont Cyclones : RHP Jesús Ramírez
|
Pitching: LHP António Rodríguez
|
|
Batting: LHB Amlak Saitoti
|
0-0: Fly out, F2 (Popup, 2LF)
|
Batting: RHB Félix Guillén
|
0-0: Foul Ball, location: 2F 0-1: Ground out 4-3 (Groundball, 4)
|
Batting: RHB Bob McDonald
|
0-0: Called Strike 0-1: Foul Ball, location: 2F 0-2: Strikes out looking
|
Top of the 9th over - 0 run(s), 0 hit(s), 0 error(s), 0 left on base; Indian Hills 3 - Fremont 16 |
|